TOP OF THE 1ST |
Norfolk Tides batting - Pitching for Salt Lake Bees : RHP Luis Cabrera
|
Pitching: RHP Luis Cabrera
|
|
Batting: RHB Joe Young
|
0-0: Ball 1-0: Ball 2-0: Ball 3-0: Called Strike 3-1: SINGLE (Groundball, 15S, EV 64.4 MPH) (infield hit)
|
Batting: RHB Alfredo Reguera
|
0-0: Foul Ball, location: 2F 0-1: Ball 1-1: Called Strike 1-2: Ball 2-2: Foul Ball, location: 2F 2-2: Foul Ball, location: 2F 2-2: Ball 3-2: Foul Ball, location: 2F 3-2: Base on Balls Joe Young to second
|
Batting: RHB Daniel Jackson
|
0-0: Called Strike 0-1: Foul Ball, location: 2F 0-2: Grounds into double play, 3-6-3 (Groundball, 3, EV 101.2 MPH) Joe Young to third
|
Batting: RHB Maup Gommers
|
0-0: Called Strike 0-1: Ball 1-1: Fly out, F8 (Flyball, 78M, EV 88.8 MPH)
|
Top of the 1st over - 0 runs, 1 hit, 0 errors, 1 left on base; Norfolk 0 - Salt Lake 0 |
BOTTOM OF THE 1ST |
Salt Lake Bees batting - Pitching for Norfolk Tides : RHP Brad Shafer
|
Pitching: RHP Brad Shafer
|
|
Batting: SHB Butch Brown
|
0-0: Ball 1-0: Ball 2-0: Ball 3-0: Base on Balls
|
Batting: RHB Brandon Davis
|
0-0: Ball 1-0: Ball 2-0: Bunt missed! 2-1: Reached on error, E3 (Groundball, 23, EV 43.8 MPH) Butch Brown to third
|
Batting: LHB Brett Bugge
|
0-0: Swinging Strike 0-1: Called Strike 0-2: Ball 1-2: Ball 2-2: Foul Ball, location: 2F 2-2: Foul Ball, location: 2F 2-2: Ball 3-2: Foul Ball, location: 2F 3-2: SINGLE (Groundball, 6D, EV 101.2 MPH) Butch Brown scores Brandon Davis to third Runner from 3rd tries for Home, SAFE, throw by CF to home Brett Bugge to second
|
Batting: SHB Mario Padron
|
0-0: Fly out, F7 (Flyball, 7S, EV 82.5 MPH)
|
Batting: LHB Justin Alexander
|
0-0: Foul Ball, location: 2F 0-1: Ball 1-1: Called Strike 1-2: Strikes out swinging
|
Batting: RHB Jimmy Buzard
|
0-0: Ball 1-0: Fly out, F9 (Flyball, 9LM, EV 88.1 MPH)
|
Bottom of the 1st over - 2 runs, 1 hit, 1 error, 1 left on base; Norfolk 0 - Salt Lake 2 |
TOP OF THE 2ND |
Norfolk Tides batting - Pitching for Salt Lake Bees : RHP Luis Cabrera
|
Batting: RHB Luke Vaccarino
|
0-0: Foul Ball, location: 2F 0-1: Ground out 5-3 (Groundball, 56S, EV 83.8 MPH)
|
Batting: RHB Wes Reynolds
|
0-0: Ball 1-0: DOUBLE (Line Drive, 7LS, EV 95.0 MPH)
|
Batting: RHB John Gray
|
0-0: Ball 1-0: Ball 2-0: Ball 3-0: Called Strike 3-1: TRIPLE (Line Drive, 89XD, EV 106.9 MPH) Wes Reynolds scores
|
Batting: RHB Jeremy Sipe
|
0-0: Called Strike 0-1: Fly out, F9 (Line Drive, 9, EV 85.6 MPH) Runner from 3rd tags up, OUT at HOME! 9-2
|
Top of the 2nd over - 1 run, 2 hits, 0 errors, 0 left on base; Norfolk 1 - Salt Lake 2 |
BOTTOM OF THE 2ND |
Salt Lake Bees batting - Pitching for Norfolk Tides : RHP Brad Shafer
|
Batting: RHB Nelle Lommen
|
0-0: Called Strike 0-1: Ball 1-1: Called Strike 1-2: Ground out 6-3 (Groundball, 6M, EV 109.4 MPH)
|
Batting: RHB Timoleon Tsikouna
|
0-0: Foul Ball, location: 2F 0-1: Ball 1-1: Ball 2-1: SINGLE (Groundball, 4D, EV 103.1 MPH)
|
Batting: LHB Larry Prey
|
0-0: Called Strike 0-1: Foul Ball, location: 2F 0-2: Ball Timoleon Tsikouna steals 2nd, throwing error, E2 Timoleon Tsikouna to third 1-2: Ball 2-2: Foul Ball, location: 2F 2-2: Strikes out looking
|
Batting: SHB Butch Brown
|
0-0: Called Strike 0-1: Ball 1-1: Ball 2-1: Ball 3-1: Fly out, F7 (Flyball, 7, EV 86.2 MPH)
|
Bottom of the 2nd over - 0 runs, 1 hit, 1 error, 1 left on base; Norfolk 1 - Salt Lake 2 |
TOP OF THE 3RD |
Norfolk Tides batting - Pitching for Salt Lake Bees : RHP Luis Cabrera
|
Batting: RHB Honório Szenes
|
0-0: Swinging Strike 0-1: Ball 1-1: Ball 2-1: Swinging Strike 2-2: Strikes out swinging
|
Batting: RHB Joe Young
|
0-0: Ball 1-0: Ground out 5-3 (Groundball, 56S, EV 91.2 MPH)
|
Batting: RHB Alfredo Reguera
|
0-0: Ball 1-0: Called Strike 1-1: Ball 2-1: Ball 3-1: Base on Balls
|
Batting: RHB Daniel Jackson
|
0-0: Ball 1-0: Called Strike 1-1: Called Strike 1-2: Ball 2-2: Foul Ball, location: 2F 2-2: Ball 3-2: Base on Balls Alfredo Reguera to second
|
Batting: RHB Maup Gommers
|
0-0: Ball 1-0: Swinging Strike 1-1: Called Strike 1-2: Ball 2-2: Ball 3-2: Strikes out looking
|
Top of the 3rd over - 0 runs, 0 hits, 0 errors, 2 left on base; Norfolk 1 - Salt Lake 2 |
BOTTOM OF THE 3RD |
Salt Lake Bees batting - Pitching for Norfolk Tides : RHP Brad Shafer
|
Batting: RHB Brandon Davis
|
0-0: Ball 1-0: Ball 2-0: Ball 3-0: Base on Balls
|
Batting: LHB Brett Bugge
|
0-0: Called Strike 0-1: Swinging Strike 0-2: DOUBLE (Groundball, 5L, EV 103.1 MPH) Brandon Davis to third
|
Batting: SHB Mario Padron
|
0-0: Swinging Strike 0-1: Swinging Strike 0-2: Ball 1-2: Ball 2-2: Strikes out looking
|
Batting: LHB Justin Alexander
|
0-0: Ball 1-0: Called Strike 1-1: Swinging Strike 1-2: Strikes out swinging
|
Batting: RHB Jimmy Buzard
|
0-0: Foul Ball, location: 2F 0-1: 3-RUN HOME RUN (Flyball, 9D, EV 98.1 MPH), Distance : 356 ft
|
Batting: RHB Nelle Lommen
|
0-0: Swinging Strike 0-1: Ground out 4-3 (Groundball, 34, EV 85.6 MPH)
|
Bottom of the 3rd over - 3 runs, 2 hits, 0 errors, 0 left on base; Norfolk 1 - Salt Lake 5 |
TOP OF THE 4TH |
Norfolk Tides batting - Pitching for Salt Lake Bees : RHP Luis Cabrera
|
Batting: RHB Luke Vaccarino
|
0-0: Called Strike 0-1: Foul Ball, location: 2F 0-2: Ball 1-2: Reached on error, E5 (Groundball, 56, EV 85.0 MPH)
|
Batting: RHB Wes Reynolds
|
0-0: Foul Ball, location: 2F 0-1: Fly out, F4 (Line Drive, 4M, EV 71.9 MPH) Lined into DP, 4-3 (Line Drive, 4M, EV 64.4 MPH)
|
Batting: RHB John Gray
|
0-0: Ball 1-0: Foul Ball, location: 2F 1-1: Ball 2-1: Ball 3-1: Swinging Strike 3-2: Fly out, F9 (Flyball, 9S, EV 85.0 MPH)
|
Top of the 4th over - 0 runs, 0 hits, 1 error, 0 left on base; Norfolk 1 - Salt Lake 5 |
BOTTOM OF THE 4TH |
Salt Lake Bees batting - Pitching for Norfolk Tides : RHP Brad Shafer
|
Batting: RHB Timoleon Tsikouna
|
0-0: Called Strike 0-1: Ground out 2-3 (Groundball, 2L, EV 66.2 MPH)
|
Batting: LHB Larry Prey
|
0-0: Ball 1-0: Ball 2-0: Ball 3-0: Base on Balls
|
Batting: SHB Butch Brown
|
0-0: Called Strike 0-1: Called Strike 0-2: Ball 1-2: Foul Ball, location: 2F 1-2: Strikes out looking
|
Batting: RHB Brandon Davis
|
0-0: Ball Larry Prey steals 2nd base (no throw) 1-0: Foul Ball, location: 2F 1-1: Ball 2-1: Foul Ball, location: 2F 2-2: Ground out 6-3 (Groundball, 6, EV 110.0 MPH)
|
Bottom of the 4th over - 0 runs, 0 hits, 0 errors, 1 left on base; Norfolk 1 - Salt Lake 5 |
TOP OF THE 5TH |
Norfolk Tides batting - Pitching for Salt Lake Bees : RHP Luis Cabrera
|
Batting: RHB Jeremy Sipe
|
0-0: Ball 1-0: Ball 2-0: Called Strike 2-1: Swinging Strike 2-2: Foul Ball, location: 2F 2-2: Strikes out swinging
|
Batting: RHB Honório Szenes
|
0-0: Ball 1-0: Ground out 5-3 (Groundball, 5, EV 84.4 MPH)
|
Batting: RHB Joe Young
|
0-0: Called Strike 0-1: Ball 1-1: Ball 2-1: Ball 3-1: Swinging Strike 3-2: Base on Balls
|
Batting: RHB Alfredo Reguera
|
0-0: Ball 1-0: Called Strike Joe Young steals 2nd base 1-1: Foul Ball, location: 2F 1-2: Ball 2-2: Foul Ball, location: 2F 2-2: Foul Ball, location: 2F 2-2: Ball 3-2: Foul Ball, location: 2F 3-2: Base on Balls
|
Batting: RHB Daniel Jackson
|
0-0: Foul Ball, location: 2F 0-1: Called Strike 0-2: Ball 1-2: Ball 2-2: Ball 3-2: Base on Balls Joe Young to third Alfredo Reguera to second
|
Batting: RHB Maup Gommers
|
0-0: SINGLE (Groundball, 3D, EV 99.4 MPH) Joe Young scores Alfredo Reguera to third Daniel Jackson to second Runner from 3rd tries for Home, throw by RF and OUT! 9-2
|
Top of the 5th over - 1 run, 1 hit, 0 errors, 2 left on base; Norfolk 2 - Salt Lake 5 |
BOTTOM OF THE 5TH |
Salt Lake Bees batting - Pitching for Norfolk Tides : RHP Brad Shafer
|
Batting: LHB Brett Bugge
|
0-0: Swinging Strike 0-1: Ball 1-1: Ball 2-1: Ball 3-1: Base on Balls
|
Pitching: RHP Ferri Adam
|
|
Batting: SHB Mario Padron
|
0-0: Ball 1-0: Ball 2-0: Foul Ball, location: 2F 2-1: Foul Ball, location: 2F 2-2: Ball 3-2: Base on Balls Brett Bugge to second
|
Batting: LHB Justin Alexander
|
0-0: Foul Ball, location: 2F 0-1: Swinging Strike 0-2: Ball Wild Pitch! Brett Bugge to third Mario Padron to second 1-2: Strikes out swinging
|
Batting: RHB Jimmy Buzard
|
0-0: Called Strike 0-1: Ball 1-1: Ball 2-1: Ball 3-1: Fly out, F8 (Flyball, 8LD, EV 85.0 MPH) Runner from 3rd tags up, OUT at HOME! 8-2
|
Bottom of the 5th over - 0 runs, 0 hits, 0 errors, 1 left on base; Norfolk 2 - Salt Lake 5 |
TOP OF THE 6TH |
Norfolk Tides batting - Pitching for Salt Lake Bees : RHP Luis Cabrera
|
Batting: RHB Luke Vaccarino
|
0-0: Ball 1-0: Ball 2-0: Ball 3-0: Swinging Strike 3-1: Swinging Strike 3-2: Strikes out looking
|
Pitching: RHP Andy Kiefer
|
|
Batting: RHB Wes Reynolds
|
0-0: Ball 1-0: Foul Ball, location: 2F 1-1: SINGLE (Line Drive, 56D, EV 110.6 MPH)
|
Batting: RHB John Gray
|
0-0: Foul Ball, location: 2F 0-1: Ball 1-1: Ball 2-1: Called Strike 2-2: Strikes out swinging
|
Batting: RHB Jeremy Sipe
|
0-0: Ground out 4-3 (Groundball, 13, EV 83.8 MPH)
|
Top of the 6th over - 0 runs, 1 hit, 0 errors, 1 left on base; Norfolk 2 - Salt Lake 5 |
BOTTOM OF THE 6TH |
Salt Lake Bees batting - Pitching for Norfolk Tides : RHP Ferri Adam
|
Batting: RHB Nelle Lommen
|
0-0: Called Strike 0-1: Ball 1-1: SINGLE (Groundball, 4MS, EV 68.8 MPH) (infield hit)
|
Batting: RHB Timoleon Tsikouna
|
0-0: Ball 1-0: Foul Ball, location: 2F 1-1: Ball 2-1: Foul Ball, location: 2F 2-2: Strikes out swinging
|
Batting: LHB Larry Prey
|
0-0: Called Strike 0-1: Foul Ball, location: 2F 0-2: DOUBLE (Line Drive, 89D, EV 107.5 MPH) Nelle Lommen to third Runner from 3rd tries for Home, SAFE, throw by RF to home
|
Batting: SHB Butch Brown
|
0-0: SINGLE (Line Drive, 56, EV 107.5 MPH) Larry Prey to third
|
Batting: RHB Brandon Davis
|
0-0: Ball 1-0: Called Strike 1-1: SINGLE (Line Drive, 34D, EV 97.5 MPH) Larry Prey scores Butch Brown to second
|
Batting: LHB Brett Bugge
|
0-0: Ball 1-0: Swinging Strike 1-1: Ball 2-1: Ball 3-1: Foul Ball, location: 2F 3-2: Foul Ball, location: 2F 3-2: Base on Balls Butch Brown to third Brandon Davis to second
|
Batting: SHB Mario Padron
|
0-0: Ball 1-0: Ball 2-0: GRAND SLAM HOME RUN (Flyball, 78XD, EV 100.0 MPH), Distance : 416 ft
|
Pitching: RHP Josh Blankenship
|
|
Batting: LHB Justin Alexander
|
0-0: Ball 1-0: Called Strike 1-1: Foul Ball, location: 2F 1-2: Ball 2-2: Foul Ball, location: 2F 2-2: Ball 3-2: Fly out, F8 (Flyball, 8RM, EV 80.0 MPH)
|
Batting: RHB Jimmy Buzard
|
0-0: Ball 1-0: Ball 2-0: Ball 3-0: Ground out 5-3 (Groundball, 56, EV 102.5 MPH)
|
Bottom of the 6th over - 6 runs, 5 hits, 0 errors, 0 left on base; Norfolk 2 - Salt Lake 11 |
TOP OF THE 7TH |
Norfolk Tides batting - Pitching for Salt Lake Bees : RHP Andy Kiefer
|
Batting: RHB Honório Szenes
|
0-0: Called Strike 0-1: Ground out 5-3 (Groundball, 56, EV 109.4 MPH)
|
Batting: RHB Joe Young
|
0-0: Ball 1-0: Ground out 6-3 (Groundball, 6MS, EV 68.1 MPH)
|
Batting: RHB Alfredo Reguera
|
0-0: Ball 1-0: Called Strike 1-1: Swinging Strike 1-2: Strikes out swinging
|
Top of the 7th over - 0 runs, 0 hits, 0 errors, 0 left on base; Norfolk 2 - Salt Lake 11 |
BOTTOM OF THE 7TH |
Salt Lake Bees batting - Pitching for Norfolk Tides : RHP Josh Blankenship
|
Batting: RHB Nelle Lommen
|
0-0: Ground out 5-3 (Groundball, 56, EV 88.1 MPH)
|
Batting: RHB Timoleon Tsikouna
|
0-0: Ground out 5-3 (Groundball, 56, EV 99.4 MPH)
|
Batting: LHB Larry Prey
|
0-0: Fly out, F8 (Flyball, 8RD, EV 107.5 MPH)
|
Bottom of the 7th over - 0 runs, 0 hits, 0 errors, 0 left on base; Norfolk 2 - Salt Lake 11 |
TOP OF THE 8TH |
Norfolk Tides batting - Pitching for Salt Lake Bees : RHP Andy Kiefer
|
Batting: RHB Daniel Jackson
|
0-0: Foul Ball, location: 2F 0-1: SOLO HOME RUN (Flyball, 7LD, EV 93.8 MPH), Distance : 371 ft
|
Batting: RHB Maup Gommers
|
0-0: Ball 1-0: SINGLE (Groundball, 56D, EV 106.2 MPH)
|
Batting: RHB Luke Vaccarino
|
0-0: Ball 1-0: Called Strike 1-1: Ball 2-1: Swinging Strike 2-2: Fly out, F3 (Popup, 3L, EV 55.0 MPH)
|
Batting: RHB Wes Reynolds
|
0-0: Ball 1-0: Ground out 6-3 (Groundball, 6, EV 89.4 MPH) Maup Gommers to second
|
Batting: RHB John Gray
|
0-0: Foul Ball, location: 2F 0-1: Called Strike 0-2: Ground out 6-3 (Groundball, 6, EV 101.9 MPH)
|
Top of the 8th over - 1 run, 2 hits, 0 errors, 1 left on base; Norfolk 3 - Salt Lake 11 |
BOTTOM OF THE 8TH |
Salt Lake Bees batting - Pitching for Norfolk Tides : RHP Josh Blankenship
|
Pinch Hitting: LHB Justin Balthazor
|
0-0: Ball 1-0: Ball 2-0: Ball 3-0: Called Strike 3-1: Ground out 4-3 (Groundball, 4, EV 106.2 MPH)
|
Batting: RHB Brandon Davis
|
0-0: Called Strike 0-1: SINGLE (Groundball, 34S, EV 68.8 MPH) (infield hit)
|
Batting: LHB Brett Bugge
|
0-0: Ball 1-0: Fly out, F9 (Flyball, 89M, EV 81.9 MPH)
|
Batting: SHB Mario Padron
|
0-0: Called Strike 0-1: Swinging Strike 0-2: Ball 1-2: Foul Ball, location: 2F 1-2: SINGLE (Groundball, 4S, EV 68.1 MPH) (infield hit) Brandon Davis to second
|
Batting: LHB Justin Alexander
|
0-0: Ground out U3 (Groundball, 3L, EV 83.8 MPH)
|
Bottom of the 8th over - 0 runs, 2 hits, 0 errors, 2 left on base; Norfolk 3 - Salt Lake 11 |
TOP OF THE 9TH |
Norfolk Tides batting - Pitching for Salt Lake Bees : RHP Andy Kiefer
|
Now at 1B: Justin Balthazor
|
|
Batting: RHB Jeremy Sipe
|
0-0: Foul Ball, location: 2F 0-1: Swinging Strike 0-2: Ball 1-2: Strikes out swinging
|
Batting: RHB Honório Szenes
|
0-0: Ground out U3 (Groundball, 34, EV 107.5 MPH)
|
Batting: RHB Joe Young
|
0-0: Swinging Strike 0-1: Called Strike 0-2: DOUBLE (Line Drive, 89M, EV 111.9 MPH)
|
Batting: RHB Alfredo Reguera
|
0-0: Called Strike 0-1: Swinging Strike 0-2: Strikes out swinging
|
Top of the 9th over - 0 runs, 1 hit, 0 errors, 1 left on base; Norfolk 3 - Salt Lake 11 |
|